 Dungeon Crawl Stone Soup version 0.17-a0-1769-g54adf96 (webtiles) character file.

6394 abixa the Grappler (level 10, -1/93 HPs)
             Began as a Ghoul Monk on Sept 7, 2015.
             Was a High Priest of Makhleb.
             Slain by a blink frog (13 damage)
             ... on level 8 of the Dungeon.
             The game lasted 00:30:14 (7797 turns).

abixa the Grappler (Ghoul Monk)                     Turns: 7797, Time: 00:30:15

Health: -1/93      AC: 12    Str: 16    XL:     10   Next: 97%
Magic:  21/21      EV: 14    Int:  5    God:    Makhleb [*****.]
Gold:   364        SH:  0    Dex: 14    Spells: 0 memorised, 9 levels left

rFire  . . .     SeeInvis .       - Unarmed
rCold  + . .     Clarity  .     p - +4 ring mail
rNeg   + + +     SustAt   .     (no shield)
rPois  ∞         Gourm    .     (no helmet)
rElec  .         Spirit   .     C - +1 cloak {MR+}
rCorr  .         Warding  .     u - +0 pair of gloves
rMut   .         Stasis   .     (no boots)
MR     +....                    (no amulet)
Stlth  +.........               (no ring)
                                F - ring of magical power

@: rotting, somewhat resistant to hostile enchantments, very unstealthy
A: rotting body, claws 1, carnivore 3, cold resistance 1, negative energy
resistance 3, slow healing 1, torment resistance, unbreathing
a: Minor Destruction, Lesser Servant of Makhleb, Major Destruction, Greater
Servant of Makhleb, Renounce Religion


You were on level 8 of the Dungeon.
You worshipped Makhleb.
Makhleb was extremely pleased with you.
You were not hungry.

You visited 3 branches of the dungeon, and saw 12 of its levels.

You collected 364 gold pieces.

Inventory:

Hand weapons
 K - a +0 hunting sling
 S - a +4 trident of venom
 X - a +0 blowgun
Missiles
 c - 9 silver sling bullets
 f - 182 stones (quivered)
 l - 10 tomahawks
 m - 9 steel sling bullets
 A - 37 sling bullets
 I - 14 sling bullets of frost
 N - 7 javelins of penetration
 W - 18 poisoned needles
Armour
 p - a +4 ring mail (worn)
 u - a +0 pair of gloves (worn)
 C - a +1 cloak of magic resistance (worn)
Jewellery
 F - a ring of magical power (left hand)
Magical devices
 e - a wand of teleportation (3)
 q - a wand of teleportation (3)
 t - a wand of cold (2)
 B - a wand of cold (0)
 J - a wand of fire (4)
 T - a wand of digging (4)
 V - a wand of digging (17)
Scrolls
 n - 2 scrolls of teleportation
 r - a scroll of amnesia
 s - a scroll of enchant weapon
 v - a scroll of immolation
 y - 2 scrolls of enchant armour
 D - 2 scrolls of fear
 E - 2 scrolls of remove curse
 M - 3 scrolls of recharging
 P - a scroll of vulnerability {unknown}
 U - a scroll of noise {unknown}
Potions
 a - 3 potions of brilliance {unknown}
 d - 3 potions of haste {unknown}
 h - a potion of lignification {unknown}
 k - 4 potions of curing
 o - a potion of agility {unknown}
 w - 4 potions of flight
 x - a potion of poison {unknown}
 z - a potion of resistance {unknown}
 G - a potion of ambrosia {unknown}
 H - a potion of might {unknown}
 O - a potion of experience {unknown}
 Q - a potion of heal wounds {unknown}
 R - 2 potions of degeneration {unknown}
 Z - a potion of beneficial mutation {unknown}
Books
 g - a book of Maledictions

   Spells                             Type                      Level
   a - Corona                         Hexes                        1
   b - Ensorcelled Hibernation        Hexes/Ice                    2
   c - Confuse                        Hexes                        3
   d - Tukima's Dance                 Hexes                        3
   e - Dazzling Spray                 Conjuration/Hexes            3
Comestibles
 b - 5 meat rations
 i - 4 beef jerkies
 L - a slice of pizza


   Skills:
 - Level 10.0 Fighting
 + Level 6.3 Dodging
 - Level 2.1 Stealth
 + Level 12.8 Unarmed Combat
 + Level 4.8 Invocations


You had 9 spell levels left.
You didn't know any spells.

Dungeon Overview and Level Annotations

Branches:
Dungeon (10/15)            Temple (1/1) D:4            Lair (1/8) D:8
    Orc: D:9-12

Altars:
Ashenzari
Cheibriados
Dithmenos
Elyvilon
Fedhas
Gozag
Kikubaaqudgha
Makhleb
Nemelex Xobeh
Okawaru
Qazlal
Ru
Sif Muna
Trog
Vehumet
Xom
Yredelemnul
Zin
The Shining One

Shops:
D:5 (


Innate Abilities, Weirdness & Mutations

Your body is rotting away.
You thrive on raw meat.
You are immune to poison.
You have sharp fingernails.
You are carnivorous and can eat meat at any time.
Your flesh is cold resistant.
You are immune to negative energy.
You heal slowly when monsters are visible.
You are immune to unholy pain and torment.
You can survive without breathing.


Message History

The blink frog blinks!
The blink frog blinks!
Your neqoxec gestures at the blink frog.
The blink frog easily resists.
You completely miss the blink frog.
The blink frog blinks!
Your neqoxec gestures.
You punch the blink frog!
The blink frog is moderately wounded.
The blink frog blinks!
Your iron imp completely misses the blink frog.
There is a staircase to the Lair, spattered with blood here.
You completely miss the blink frog.
The blink frog is moderately wounded.
Your iron imp disappears in a puff of smoke!
The blink frog hits you!
* * * LOW HITPOINT WARNING * * *
The blink frog momentarily phases out as your attack passes through it.
The blink frog is moderately wounded.
The blink frog hits you!
You die...

......## #..≈≈≈≈≈.≈.≈≈≈..#
##....# #...≈≈≈≈.≈≈≈≈≈..#
#....# #.≈..≈≈≈.≈≈≈≈≈..#
##..(.# #..≈≈.≈≈.≈≈≈≈...#
#.....# #..≈≈≈≈...≈≈≈...#
......####.≈≈≈≈≈≈...≈≈≈..#
..........≈≈≈≈≈5....≈≈≈..#
#..####...≈≈≈≈≈..3§§≈≈[≈≈#
...# ###.≈≈≈≈≈≈.@5§.≈≈≈.#
...# #.≈≈≈≈≈≈5.F§≈≈≈..#
#..## ##.≈≈≈≈).≈.≈.≈≈≈≈.##
##..####..≈≈≈.≈≈≈≈≈≈≈≈....#
#...##..#≈..≈≈≈≈≈≈≈≈≈....#
##.....##...≈≈≈≈≈.≈≈≈≈≈..#
##....##..≈≈.≈.≈≈.≈.....####
###..##..≈≈≈.≈.≈..........##
#..>.........≈...........#


You could see a blink frog, a friendly neqoxec, a friendly quasit, a friendly
shadow imp and a friendly ufetubus.

Vanquished Creatures
  3 trolls
  Grinder (D:6)
  3 blink frogs (D:8)
  Sigmund (D:6)
  A deep elf mage (D:9)
  Eustachio (D:5)
  A wyvern (D:8)
  A steam dragon (D:9)
  2 wolves (D:8)
  A hippogriff (D:9)
  3 phantoms
  An ice beast (D:6)
  An orc warrior (D:9)
  A black bear (D:8)
  5 ogres
  5 centaurs
  A big kobold (D:9)
  A gnoll sergeant (D:5)
  5 giant frogs
  A water moccasin skeleton (D:9)
  5 wights
  An electric eel (D:8)
  3 crimson imps
  A giant frog zombie (D:9)
  3 orc priests
  2 centaur zombies
  2 jellies
  Crazy Yiuf (D:3)
  7 hounds
  3 iguanas
  A centaur skeleton (D:9)
  3 giant frog skeletons
  10 orc wizards
  6 worker ants
  2 killer bee zombies (D:8)
  2 hound skeletons
  A worker ant zombie (D:9)
  8 gnolls
  14 adders
  4 shadow imps
  An adder zombie (D:8)
  4 worms
  An adder skeleton (D:5)
  3 giant geckos
  23 orcs
  2 ball pythons
  6 bats
  7 giant cockroaches
  5 hobgoblins
  A giant gecko skeleton (D:4)
  11 giant newts
  7 goblins
  2 jackals (D:8)
  A jackal skeleton (D:8)
  15 kobolds
  A quokka skeleton (D:6)
  4 rats
212 creatures vanquished.

Vanquished Creatures (collateral kills)
  A spiny frog (D:8)
1 creature vanquished.

Grand Total: 213 creatures vanquished

Notes
Turn   | Place    | Note
--------------------------------------------------------------
     0 | D:1      | abixa the Ghoul Monk began the quest for the Orb.
     0 | D:1      | Reached XP level 1. HP: 19/19 MP: 0/0
   267 | D:1      | Reached XP level 2. HP: 20/26 MP: 1/1
   326 | D:1      | Reached skill level 5 in Unarmed Combat
   794 | D:2      | Reached XP level 3. HP: 25/30 MP: 2/2
   931 | D:2      | Found a faded altar to an unknown god.
  1210 | D:2      | Reached skill level 6 in Unarmed Combat
  1210 | D:2      | Reached XP level 4. HP: 35/35 MP: 3/3
  1776 | D:3      | Noticed Crazy Yiuf
  1781 | D:3      | Killed Crazy Yiuf
  1781 | D:3      | Reached XP level 5. HP: 40/45 MP: 4/4
  2111 | D:4      | Reached skill level 7 in Unarmed Combat
  2192 | D:4      | Noticed an ogre
  2198 | D:4      | Killed an ogre
  2233 | D:4      | Found a staircase to the Ecumenical Temple.
  2244 | Temple   | Entered the Ecumenical Temple
  2339 | Temple   | Became a worshipper of Makhleb the Destroyer
  2339 | Temple   | Acquired Makhleb's first power
  2339 | Temple   | Acquired Makhleb's second power
  2447 | D:3      | Reached XP level 6. HP: 15/51 MP: 5/5
  2634 | D:4      | Reached skill level 8 in Unarmed Combat
  3020 | D:5      | Entered Level 5 of the Dungeon
  3093 | D:5      | Reached skill level 9 in Unarmed Combat
  3093 | D:5      | Reached XP level 7. HP: 44/57 MP: 6/6
  3309 | D:5      | Found a shimmering altar of Xom.
  3321 | D:5      | Found Munn's Weapon Shop.
  3415 | D:5      | Noticed Eustachio
  3422 | D:5      | Killed Eustachio
  3711 | D:5      | Reached skill level 10 in Unarmed Combat
  3716 | D:5      | Reached XP level 8. HP: 60/67 MP: 7/7
  3750 | D:5      | Reached skill level 5 in Fighting
  3788 | D:6      | Acquired Makhleb's third power
  4110 | D:6      | Noticed Grinder
  4124 | D:6      | Killed Grinder
  4174 | D:6      | Noticed Sigmund
  4240 | D:6      | Killed Sigmund
  4381 | D:6      | Reached XP level 9. HP: 59/80 MP: 8/8
  4824 | D:7      | Reached skill level 11 in Unarmed Combat
  4971 | D:7      | Got a shimmering ring mail
  4982 | D:7      | Identified the +0 ring mail "Yruse" {rPois Dex+4} (You found it on level 7 of the Dungeon)
  5068 | D:7      | Acquired Makhleb's fourth power
  5421 | D:8      | You fall through a shaft for 2 floors!
  5421 | D:10     | Entered Level 10 of the Dungeon
  5421 | D:10     | Noticed a gargoyle
  5788 | D:9      | Found a burning altar of Makhleb.
  5856 | D:9      | Reached XP level 10. HP: 83/90 MP: 9/9
  5933 | D:9      | Reached skill level 1 in Invocations
  6030 | D:9      | Reached skill level 12 in Unarmed Combat
  6039 | D:9      | Reached skill level 5 in Dodging
  6212 | D:9      | Acquired Makhleb's fifth power
  6430 | D:8      | Found a staircase to the Lair.
  6548 | D:8      | Found a snail-covered altar of Cheibriados.
  6961 | D:8      | Reached skill level 10 in Fighting
  7730 | Lair:1   | Entered Level 1 of the Lair of Beasts
  7771 | D:8      | HP: 4/93 [spiny frog (15)]
  7797 | D:8      | Slain by a blink frog

Vault maps used:
D:1:      dpeg_arrival_boxorama, serial_park_tiny_2
D:2:      ecumenical_altar_1, kennysheep_generic_room_11
D:3:      first_bread, uniq_crazy_yiuf_cottage
D:4:      temple_hall
D:5:      serial_shops, shop, xom_teletrap_fun, uniq_eustachio
D:6:      uniq_grinder, uniq_sigmund
D:8:      slow_altar_1, erik_lair_island
D:9:      makhleb_heckhound_becter
D:10:     hangedman_tree_tricks
Temple:   grunt_wide_crystal_templ_18
Lair:1:   minmay_holes

Action                   |  1- 3 |  4- 6 |  7- 9 | 10-12 || total
-------------------------+-------+-------+-------+-------++-------
Melee: Unarmed           |   117 |   162 |   370 |   239 ||   888
Throw: Stone             |       |     4 |     5 |       ||     9
Invok: Lesser Servant of |       |       |       |     1 ||     1
Evoke: Wand              |       |     2 |     1 |     2 ||     5
  Use: Scroll            |       |       |       |    12 ||    12
 Stab: Sleeping          |     1 |       |       |     2 ||     3
  Eat: Chunk             |     4 |     7 |    24 |    25 ||    60
